 Dungeon Crawl Stone Soup version 0.29.0-5-ge4962eb29e (webtiles) character file.

Game seed: 16669675419214340050

68 GigaChad the Grave Robber (level 4, 0/30 HPs)
             Began as a Demonspawn Necromancer on Aug 29, 2022.
             Slain by a gnoll
             ... wielding a +0 halberd
              (2 damage)
             ... on level 5 of the Dungeon.
             The game lasted 00:07:06 (1769 turns).

GigaChad the Grave Robber (Demonspawn Necromancer)  Turns: 1769, Time: 00:07:07

Health: 0/30       AC:  2    Str: 14    XL:     4   Next: 1%
Magic:  6/8        EV:  8    Int: 18    God:
Gold:   139        SH: 10    Dex: 14    Spells: 7/8 levels left

rFire   . . .      SeeInvis .   e - +1 dagger
rCold   . . .      Faith    .   h - +0 tower shield
rNeg    . . .      Spirit   .   a - +0 robe
rPois   .          Reflect  .   (helmet restricted)
rElec   .          Harm     .   (no cloak)
rCorr   .          Rampage  .   (no gloves)
Will    .....                   (no boots)
Stlth   ++........              (no amulet)
HPRegen 0.10/turn               l - +6 ring of strength
MPRegen 0.22/turn               c - ring of wizardry

@: no status effects
A: antennae 1, magic regeneration
a: no special abilities


You were on level 5 of the Dungeon.
You visited 1 branch of the dungeon, and saw 4 of its levels.

You collected 139 gold pieces.

Inventory:

Hand Weapons
 e - a +1 dagger (weapon)
Armour
 a - a +0 robe (worn)
 h - a +0 tower shield (worn)
Jewellery
 c - a ring of wizardry (right hand)
 l - a +6 ring of strength (left hand)
 o - a ring of flight
Scrolls
 f - 2 scrolls of noise
Potions
 b - a potion of magic
 d - a potion of haste
 g - a potion of brilliance {unknown}
 i - 2 potions of attraction {unknown}
 j - a potion of cancellation {unknown}


   Skills:
 + Level 2.1 Dodging
 + Level 2.0 Stealth
 + Level 0.1 Unarmed Combat
 + Level 2.7 Spellcasting
 + Level 5.3 Necromancy


You had 7 spell levels left.
You knew the following spells:

 Your Spells              Type           Power      Damage    Failure   Level
a - Necrotise             Necr           84%        1d8       14%         1

Your spell library contained the following spells:

 Spells                   Type           Power      Damage    Failure   Level
 Vampiric Draining        Necr           21%        2d7       38%         3
 Animate Dead             Necr           21%        N/A       77%         4
 Ozocubu's Armour         Ice            2%         N/A       97%         3
 Agony                    Necr           21%        N/A       97%         5
 Ozocubu's Refrigeration  Ice            1%         4d7       100%        7


Dungeon Overview and Level Annotations

Branches:
Dungeon (3/15)

Altars:

Shops:
D:1 *


Innate Abilities, Weirdness & Mutations

You have a pair of small antennae on your head.
You regenerate magic rapidly.


Message History

You see here a rat skeleton.
There is a stone staircase leading down here.
You climb downwards.
There is a stone staircase leading up here.
A sourceless malevolence fills the Dungeon...
You fall into a shaft and drop 2 floors!
The shaft crumbles and collapses.
You open the door. 2 gnolls come into view.
The gnoll shouts!
The gnoll writhes in agony!
You hear a shout!
A gnoll comes into view. It is wielding a +0 halberd.
The gnoll writhes in agony.
The gnoll shouts!
The teleport trap disappears.
The gnoll disappears!
The gnoll writhes in agony.
The gnoll writhes in agony.
The gnoll hits you from afar with a +0 halberd!
You barely miss the gnoll.
The gnoll is severely wounded.
The gnoll hits you from afar with a +0 halberd.
The gnoll hits you with a +0 club.
You hit the gnoll.
The gnoll is almost dead.
You block the gnoll's attack. The gnoll hits you with a +0 club.
* * * LOW HITPOINT WARNING * * *
You barely miss the gnoll.
The gnoll is almost dead.
You block the gnoll's attack. The gnoll hits you with a +0 club.
* * * LOW HITPOINT WARNING * * *
The gnoll barely misses you. x2
You barely miss the gnoll.
The gnoll is severely wounded.
The gnoll closely misses you. The gnoll hits you with a +0 club.
* * * LOW HITPOINT WARNING * * *
You hit the gnoll.
You kill the gnoll!
The gnoll hits you from afar with a +0 halberd.
You die...

#......#
#......#
......#
.....#
....# #
#...#
####.##...#
#....)@...#
#...g#....#
#... #....#
+.. #....#
#. #....# #
##...#
#####


You could see a gnoll.

Vanquished Creatures
  A gnoll (D:5)
  3 adders (D:2)
  3 endoplasms
  3 giant cockroaches
  5 goblins
  A hobgoblin (D:2)
  6 kobolds
  3 quokkas
  5 ball pythons
  A bat (D:1)
  2 frilled lizards (D:2)
  4 rats
37 creatures vanquished.

Vanquished Creatures (collateral kills)
  An endoplasm (D:2)
  A kobold (D:2)
  A ball python (D:1)
  2 rats (D:2)
5 creatures vanquished.

Grand Total: 42 creatures vanquished

Notes
Turn   | Place    | Note
-------+----------+-------------------------------------------
     0 | D:1      | GigaChad the Demonspawn Necromancer began the quest for the
                  | Orb.
     0 | D:1      | Reached XP level 1. HP: 13/13 MP: 3/3
    29 | D:1      | Found a faded altar of an unknown god.
   237 | D:1      | Gained mutation: You have a pair of small antennae on your
                  | head. [demonic ancestry]
   237 | D:1      | Reached XP level 2. HP: 19/19 MP: 3/5
   647 | D:1      | Found Pederofrimn's General Store.
  1007 | D:2      | Reached skill level 5 in Necromancy
  1007 | D:2      | Gained mutation: You regenerate magic rapidly. [demonic
                  | ancestry]
  1007 | D:2      | Reached XP level 3. HP: 24/24 MP: 0/6
  1616 | D:2      | Reached XP level 4. HP: 30/30 MP: 5/8
  1754 | D:3      | You fall into a shaft and drop 2 floors!
  1754 | D:5      | Entered Level 5 of the Dungeon
  1768 | D:5      | HP: 1/30 [gnoll/+0 club (3)]
  1769 | D:5      | Slain by a gnoll

Illustrated notes

Levels and vault maps discovered:
D:1:      reono_arrival_mine, layout_basic, serial_shops, shop,
          dreamdust_ecumenical_altar_angels_and_demons, minmay_crystal_room
D:2:      layout_rooms
D:3:      layout_loops_corners, mainiacjoe_overflow_alcove_2,
          mainiacjoe_overflow_tiny_flanked, bloody_makhleb,
          mainiacjoe_overflow_brackets, minmay_rat_hole
D:5:      layout_gridville, nicolae_shop_clearance, uniq_grinder, uniq_pikel

Skill      XL: |  1  2 |
---------------+-------+-----
Dodging        | 2 |  2.1
Stealth        | 2 |  2.0
Necromancy     | 5 |  5.3
Unarmed Combat | |  0.1
Spellcasting   | |  2.7

Action                   |  1- 3 |  4- 6 || total
-------------------------+-------+-------++-------
Melee: Unarmed           |    17 |       ||    17
       Dagger            |    21 |     5 ||    26
 Cast: Necrotise         |    57 |     4 ||    61
  Use: Scroll            |     6 |       ||     6
Armor: Robe              |    15 |       ||    15
Dodge: Dodged            |    31 |     3 ||    34
Block: Tower shield      |    20 |     2 ||    22
